 Dungeon Crawl Stone Soup version 0.32-a0-986-ga09f62fbf4 (webtiles) character file.

Game seed: 3124598252915588509

1728 dialectric the Ruffian (level 8, -1/79 HPs)
             Began as a Troll Shapeshifter on Apr 22, 2024.
             Was an Elder of Trog.
             Slain by a killer bee (6 damage)
             ... on level 7 of the Dungeon.
             The game lasted 00:05:00 (4564 turns).

dialectric the Ruffian (Troll Shapeshifter)         Turns: 4564, Time: 00:05:00

Health: -1/79      AC:  4    Str: 23    XL:     8   Next: 76%
Magic:  7/7        EV: 10    Int:  6    God:    Trog [****..]
Gold:   408        SH:  0    Dex: 17    Spells: 7/7 levels left

rFire   . .          .
                       - Unarmed
rCold   . . .        (no shield)
rNeg    + . .        a - +0 animal skin
rPois   .            (helmet currently unavailable)
rElec   .            (cloak currently unavailable)
rCorr   .            (gloves unavailable)
SInv    .            (boots unavailable)
Will    .....        q - amulet of faith
Stlth   ++           f - ring of positive energy
HPRegen 1.13/turn    D - +6 ring of dexterity
MPRegen 0.10/turn

%: faith
@: beast-form, on berserk cooldown, slowed, very slow
A: beast (slay +3), large, unfitting armour, claws 3, regeneration 1, shaggy fur
1, tough skin 1
a: Begin Untransformation, Renounce Religion, Berserk, Trog's Hand, Brothers in
Arms


You were on level 7 of the Dungeon.
You worshipped Trog.
Trog was greatly pleased with you.
You were a hulking beast.
You visited 1 branch of the dungeon, and saw 7 of its levels.

You collected 408 gold pieces.

Inventory:

Hand Weapons
 v - a +1 whip of draining
 C - a +4 flail
Missiles
 H - 11 poisoned darts (quivered)
 L - a throwing net
Armour
 a - a +0 animal skin (worn)
 B - a scarf of resistance
 K - a +0 robe of willpower
Jewellery
 f - a ring of positive energy (left claw)
 q - an amulet of faith (around neck)
 t - a ring of positive energy
 D - a +6 ring of dexterity (right claw)
 I - a ring of protection from cold
Talismans
 c - a beast talisman (active)
 d - a flux talisman
 g - a blade talisman
 z - a talisman of death
Wands
 r - a wand of acid (7)
 A - a wand of digging (4)
Scrolls
 e - 2 scrolls of immolation {unknown}
 i - a scroll of brand weapon {unknown}
 j - 2 scrolls of vulnerability {unknown}
 k - a scroll of blinking {unknown}
 n - 2 scrolls of torment {unknown}
 o - a scroll of fear {unknown}
 p - a scroll of fog {unknown}
 s - 2 scrolls of enchant armour
 y - 3 scrolls of amnesia
 E - a scroll of summoning {unknown}
 F - a scroll of poison {unknown}
 G - 2 scrolls of teleportation {unknown}
 J - a scroll of revelation {unknown}
Potions
 b - a potion of lignification
 h - 2 potions of brilliance {unknown}
 l - 2 potions of might
 m - 3 potions of enlightenment
 u - a potion of mutation {unknown}
 w - a potion of attraction {unknown}
 x - a potion of resistance {unknown}


   Skills:
 + Level 4.6 Fighting
 + Level 2.4 Armour
 - Level 4.0 Dodging
 + Level 6.3 Unarmed Combat
 + Level 5.9 Shapeshifting


You had 7 spell levels left.
You didn't know any spells.
Your spell library was empty.

Dungeon Overview and Level Annotations

Branches:
Dungeon (7/15)
 Temple: D:4-7

Altars:
Elyvilon
Hepliaklqana
Kikubaaqudgha
Makhleb
Trog
Uskayaw
Wu Jian
Yredelemnul
Zin

Annotations:
D:6 1 runed translucent door


Innate Abilities, Weirdness & Mutations

You are a hulking beast.
Your limbs bulge with bestial killing power. (Slay +3)
You are too large for most types of armour.
You have claws for hands.
Your natural rate of healing is unusually fast.
You are covered in fur. (AC +1)
You have tough skin. (AC +1)


Message History

You are no longer poisoned.
You are no longer berserk.
You are exhausted.
You feel yourself slow down. The killer bee stings you.
You are poisoned.
The killer bee poisons you! The killer bee barely misses you.
The killer bee stings you!
You barely miss the killer bee.
You feel very sick. The killer bee barely misses you. x2
You claw the killer bee!
The killer bee is heavily wounded.
You feel sick. The killer bee stings you. The killer bee barely misses you.
The killer bee stings you but does no damage.
You scratch the killer bee.
The killer bee is severely wounded.
You feel sick. The killer bee closely misses you. The killer bee stings you.
You miss the killer bee.
The killer bee is severely wounded.
You feel sick. The killer bee stings you. The killer bee closely misses you.
The killer bee stings you!
* * * LOW HITPOINT WARNING * * *
You scratch the killer bee but do no damage.
The killer bee is severely wounded.
You feel sick. The killer bee stings you.
* * * LOW HITPOINT WARNING * * *
The killer bee closely misses you. The killer bee stings you!
* * * LOW HITPOINT WARNING * * *
You miss the killer bee.
The killer bee is severely wounded.
You feel sick.
You are no longer poisoned.
The killer bee closely misses you. The killer bee barely misses you.
You closely miss the killer bee.
The killer bee is heavily wounded.
The killer bee stings you.
* * * LOW HITPOINT WARNING * * *
The killer bee stings you.
You die...

....####...##... #
.............##.## #.
#.##..#....#.)))#
#.##.##..#....#.##)##
...............##...
............#.#####
.).........#.#....
###y##.####.########
#..h........#
###.#######.#
#.†.......#
###########


You could see a killer bee.

Vanquished Creatures
  A steam dragon (D:6)
  A water moccasin (D:6)
  An ogre (D:5)
  2 centaurs (D:6)
  A kobold brigand (D:6)
  A bullfrog (D:6)
  A scorpion (D:4)
  4 killer bees (D:7)
  3 jellies
  2 bombardier beetles
  5 hounds
  4 orc priests
  An iguana (D:4)
  Terence (D:3)
  5 orc wizards
  7 adders
  7 gnolls
  2 shadow imps
  A white imp (D:6)
  2 ufetubi (D:7)
  3 ribbon worms
  17 orcs
  A bat zombie (D:4)
  5 endoplasms
  4 giant cockroaches
  7 goblins
  9 hobgoblins
  6 jackals
  2 ball pythons
  3 bats
  2 frilled lizards (D:3)
  3 frilled lizard zombies (D:4)
  A goblin skeleton (D:6)
  11 kobolds
  8 rats
  A spectral goblin (D:6)
135 creatures vanquished.

Notes
Turn   | Place    | Note
-------+----------+-------------------------------------------
     0 | D:1      | dialectric the Troll Shapeshifter began the quest for the
                  | Orb.
     0 | D:1      | Reached XP level 1. HP: 18/18 MP: 0/0
    45 | D:1      | Reached skill level 1 in Fighting
    52 | D:1      | Reached XP level 2. HP: 27/27 MP: 1/1
   551 | D:2      | Reached XP level 3. HP: 32/33 MP: 2/2
   878 | D:2      | Found a faded altar of an unknown god.
   890 | D:2      | Prayed at the altar of an unknown god.
   890 | D:2      | Became a worshipper of Trog the Wrathful
   890 | D:2      | Reached * piety under Trog
  1172 | D:3      | Reached XP level 4. HP: 35/41 MP: 3/3
  1193 | D:3      | Found a hide-covered altar of Uskayaw.
  1294 | D:3      | Noticed Terence
  1308 | D:3      | Killed Terence
  1529 | D:3      | Found a glowing silver altar of Zin.
  1579 | D:3      | You fall into a shaft and drop 2 floors!
  1579 | D:5      | Entered Level 5 of the Dungeon
  1588 | D:5      | Reached XP level 5. HP: 49/49 MP: 4/4
  1639 | D:5      | Noticed an ogre
  1645 | D:5      | Killed an ogre
  1646 | D:5      | Reached skill level 4 in Unarmed Combat
  1651 | D:5      | Reached XP level 6. HP: 59/59 MP: 5/5
  1782 | D:5      | Found an ornate altar of the Wu Jian Council.
  1806 | D:5      | Reached ** piety under Trog
  1947 | D:5      | Found a burning altar of Makhleb.
  2191 | D:6      | Noticed a human
  2191 | D:6      | Found a runed translucent door.
  2222 | D:4      | Reached XP level 7. HP: 67/67 MP: 6/6
  2513 | D:4      | Reached *** piety under Trog
  2618 | D:4      | Reached skill level 5 in Unarmed Combat
  2699 | D:4      | Found an ancient bone altar of Kikubaaqudgha.
  3454 | D:5      | Found a white marble altar of Elyvilon.
  3517 | D:6      | Reached skill level 5 in Shapeshifting
  3650 | D:6      | Reached XP level 8. HP: 78/78 MP: 7/7
  3828 | D:6      | Reached skill level 1 in Armour
  3927 | D:6      | Reached skill level 6 in Unarmed Combat
  3990 | D:6      | Found a basalt altar of Yredelemnul.
  4358 | D:6      | Found a hazy altar of Hepliaklqana.
  4412 | D:7      | Reached **** piety under Trog
  4564 | D:7      | Slain by a killer bee

Illustrated notes

Levels and vault maps discovered:
D:1:      dpeg_arrival_more_subterranean_lakeside_camping, layout_rooms
D:2:      layout_loops_ring, ebering_ecumenical_altar_petrified
D:3:      layout_loops_cross, mainiacjoe_overflow_boulevard,
          mainiacjoe_overflow_six_doors_small, minivault_19, uniq_terence
D:4:      layout_gridville, lemuel_zombie_altar_kikubaaqudgha
D:5:      layout_basic, mainiacjoe_overflow_small_starburst,
          nicolae_elyvilon_temple_path, amcnicky_altar_gilded
D:6:      layout_gridville, dk_yredelemnul_ordeal,
          nicolae_hepliaklqana_monster_ancestors
D:7:      minmay_bubble_buster, layout_basic, general_overflow_altar,
          minmay_temple_entry_sparse_star

Skill      XL: |  1  2  3  4  5  6  7  8 |
---------------+-------------------------+-----
Fighting       | 1 2 3 4 |  4.6
Dodging        | 2 3 4 |  4.0
Unarmed Combat | 4 5 6 |  6.3
Shapeshifting  | 4 5 |  5.9
Armour         | 2 |  2.4

Action                     |  1- 3 |  4- 6 |  7- 9 || total
---------------------------+-------+-------+-------++-------
  Melee: Unarmed           |    70 |    60 |   180 ||   310
         Punch             |     3 |     1 |     3 ||     7
 Invoke: Berserk           |       |     3 |     5 ||     8
    Use: Scroll            |       |     2 |     2 ||     4
         Potion            |       |       |     1 ||     1
   Stab: Sleeping          |     1 |     1 |     1 ||     3
 Armour: Animal skin       |    38 |    24 |   143 ||   205
         Skin              |       |       |    16 ||    16
  Dodge: Dodged            |    31 |    25 |   120 ||   176

Table legend: (Time is in decaauts)
 A = Elapsed time spent in this place.
 B = Non-inter-level travel time spent in this place.
 C = Inter-level travel time spent in this place.
 D = Time resting spent in this place.
 E = Time spent auto-exploring this place.
 F = Levels seen in this place.
 G = Mean time per level.
                   A        B        C        D        E       F      G
               +--------+--------+--------+--------+--------+-----+--------+
         Total |   4589 |   4338 |    251 |     59 |   3385 |   7 |  655.6 |
       Dungeon |   4589 |   4338 |    251 |     59 |   3385 |   7 |  655.6 |
               +--------+--------+--------+--------+--------+-----+--------+

Top non-repeatable levels by time:
     D:5: 1076 daAuts
     D:6: 908 daAuts
     D:4: 706 daAuts
     D:2: 698 daAuts
     D:3: 570 daAuts
     D:1: 461 daAuts
     D:7: 169 daAuts
